 Dungeon Crawl Stone Soup version 0.18.1-48-g4cf74bf (webtiles) character file.

61532 theElss the Eclecticist (level 14, -4/124 HPs)
             Began as a High Elf Conjurer on Sept 13, 2016.
             Was an Elder of Vehumet.
             Slain by a griffon (9 damage)
             ... on level 8 of the Lair of Beasts.
             The game lasted 01:50:06 (28058 turns).

theElss the Eclecticist (High Elf Conjurer)        Turns: 28058, Time: 01:50:07

Health: -4/124     AC: 32    Str:  8    XL:     14   Next: 61%
Magic:  0/34       EV:  2    Int: 27    God:    Vehumet [****..]
Gold:   985        SH:  8    Dex: 17    Spells: 11 memorised, 8 levels left

rFire  . . .     SeeInvis .     M - +2 flail (protect)
rCold  . . .     Gourm    .     (armour currently unavailable)
rNeg   + + +     Faith    .     e - +0 buckler
rPois  +         Spirit   .     (helmet currently unavailable)
rElec  .         Dismiss  .     (cloak currently unavailable)
rCorr  .         Reflect  +     (gloves currently unavailable)
SustAt .         Harm     .     (boots currently unavailable)
MR     +....     NoTele   +     N - +3 amulet of reflection
Stlth  +++.......               (no ring)
                                x - +4 ring of intelligence

@: tree-form, repel missiles, somewhat resistant to hostile enchantments, fairly
stealthy
A: no striking features
a: Renounce Religion


You were on level 8 of the Lair of Beasts.
You worshipped Vehumet.
Vehumet was greatly pleased with you.
You were not hungry.
You were a tree.
You visited 3 branches of the dungeon, and saw 20 of its levels.

You collected 985 gold pieces.

Inventory:

Hand Weapons
 M - a +2 flail of protection (weapon)
Armour
 a - a +0 pair of gloves (melded)
 e - a +0 buckler (worn)
 u - a +1 helmet (melded)
 C - a +2 leather armour of magic resistance (melded)
 F - a +0 pair of boots (melded)
 T - a +2 cloak (melded)
Rods
 B - a +0 lightning rod (13/13)
   (You found it on level 4 of the Lair of Beasts)
Jewellery
 x - a +4 ring of intelligence (left branch)
 N - a +3 amulet of reflection (around neck)
 Q - a cursed -2 ring of evasion {unknown}
Wands
 o - a wand of paralysis (3/24)
 p - a wand of paralysis (11/24)
 z - a wand of lightning (5/15)
 I - a wand of disintegration (19/24)
 R - a wand of enslavement (18/24)
 W - a wand of teleportation (3/9)
Scrolls
 g - 6 scrolls of remove curse
 h - 2 scrolls of enchant weapon {unknown}
 m - 5 scrolls of recharging
 q - 4 scrolls of amnesia
 r - a scroll of blinking {unknown}
 A - a scroll of teleportation
 E - 4 scrolls of fog
 L - a scroll of vulnerability {unknown}
 O - a scroll of silence {unknown}
Potions
 d - 3 potions of cure mutation
 n - a potion of beneficial mutation {unknown}
 s - 5 potions of lignification
 t - 3 potions of heal wounds {unknown}
 w - a potion of cancellation {unknown}
 D - 3 potions of might {unknown}
 G - a potion of agility {unknown}
 H - 2 potions of haste {unknown}
 J - 5 potions of curing
 K - 2 potions of brilliance {unknown}
 P - a potion of magic {unknown}
 V - 2 potions of flight {unknown}
 X - a potion of berserk rage {unknown}
Books
 b - a book of Beasts

   Spells                             Type                      Level
   a - Summon Butterflies             Summoning                    1
   b - Call Canine Familiar           Summoning                    3
   c - Summon Ice Beast               Ice/Summoning                4
   d - Summon Mana Viper              Hexes/Summoning              5
   e - Summon Hydra                   Summoning                    7
 j - a Fen Folio

   Spells                             Type                      Level
   a - Corpse Rot                     Necromancy                   2
   b - Stone Arrow                    Conjuration/Earth            3
   c - Leda's Liquefaction            Hexes/Earth                  4
   d - Summon Forest                  Summoning/Translocation      5
   e - Hydra Form                     Transmutation                6
   f - Summon Hydra                   Summoning                    7
Comestibles
 c - 10 bread rations
 f - 2 slices of pizza
 i - 6 royal jellies
 l - 2 beef jerkies
 v - 6 meat rations
 S - 30 fruits


   Skills:
 - Level 3.4 Fighting
 - Level 9.1 Dodging
 - Level 2.1 Stealth
 - Level 4.3 Shields
 + Level 15.9 Spellcasting
 + Level 15.2 Conjurations
 * Level 12.4 Fire Magic


You had 8 spell levels left.
You knew the following spells:

 Your Spells              Type           Power        Failure   Level  Hunger
a - Magic Dart            Conj           ####         0%          1    None
b - Iskenderun's Battles  Conj/Chrm      ######..     1%          5    None
c - Searing Ray           Conj           ######       0%          2    None
d - Iskenderun's Mystic   Conj           #######.     1%          4    None
e - Repel Missiles        Chrm/Air       ###...       4%          2    None
f - Ignite Poison         Fire/Trmt/Pois #####...     1%          3    None
g - Stone Arrow           Conj/Erth      ######       1%          3    None
h - Mephitic Cloud        Conj/Pois/Air  #####...     1%          3    None
i - Blink                 Tloc           N/A          4%          2    None
j - Bolt of Fire          Conj/Fire      #######...   1%          6    ###....
k - Bolt of Magma         Conj/Fire/Erth ######....   1%          5    None


Dungeon Overview and Level Annotations

Branches:
Dungeon (11/15)            Temple (1/1) D:4            Lair (8/8) D:10
 Shoals (0/4) Lair:3       Spider (0/4) Lair:5          Orc (0/2) D:10
  Slime: Lair:6-8

Altars:
Ashenzari
Cheibriados
Dithmenos
Elyvilon
Fedhas
Gozag
Kikubaaqudgha
Makhleb
Nemelex Xobeh
Okawaru
Pakellas
Qazlal
Ru
Sif Muna
Trog
Vehumet
Xom
Yredelemnul
Zin
The Shining One

Shops:
D:8 =

Annotations:
D:3 kraktruk's ghost, amateur DrMo
D:4 Grinder
D:11 appiemonkey's ghost, novice DDFi


Message History

The griffon pecks you but does no damage.
The griffon claws you but does no damage.
The sheep bites something.
Casting: Magic Dart
Confirm with . or Enter, or press ? or * to list all spells.
You don't have enough magic to cast that spell.
You closely miss the griffon.
The griffon is heavily wounded.
You block the griffon's attack.
The griffon pecks you but does no damage.
The griffon barely misses you.
Casting: Magic Dart
Confirm with . or Enter, or press ? or * to list all spells.
Aiming: Magic Dart
Press: ? - help, Shift-Dir - straight line, f/p - griffon
Aim: a griffon (heavily wounded)
The magic dart hits the griffon.
The griffon is heavily wounded.
The griffon bites you!
You die...

.P..P.....## #P.....
.PPP.......## #####.....
.........P.P#####PP.P.....
..........PP.##.......[.[.
..........PP.............#
.........PP......P..P....#
........Y§P# ..#.........
#YH## # ###P#..P.. ###♣#
######## ###


You could see a griffon and 2 sheep.

Vanquished Creatures
  Kirke (Lair:7)
  Snorg (Lair:7)
  11 hydras
  The ghost of Scuka the Transmogrifier, a journeyman MfTm of Okawaru (Lair:2)
  8 death yaks
  An unseen horror (D:10)
  3 hill giants
  A lindwurm (Lair:5)
  Pikel (D:9)
  A deep elf mage (D:9)
  A wolf spider (Lair:5)
  14 elephants
  6 black mambas
  Maurice (D:9)
  A gargoyle (D:10)
  An eye of devastation (Lair:8)
  15 spiny frogs
  3 rime drakes
  17 komodo dragons
  A merfolk (D:9)
  A troll (D:9)
  2 jumping spiders (Lair:5)
  A polar bear (Lair:6)
  18 blink frogs
  A wyvern (Lair:7)
  49 yaks
  3 basilisks
  A human (D:10)
  2 hogs (Lair:7)
  16 hippogriffs
  Menkaure (D:6)
  11 porcupines
  23 water moccasins
  An orc warrior (D:10)
  2 phantoms
  3 sky beasts
  An ice beast (D:8)
  2 slaves (D:9)
  4 ogres
  A black bear (D:9)
  16 wolves
  A centaur (D:7)
  12 crocodiles
  Blork the orc (D:6)
  A big kobold (D:10)
  16 giant frogs
  4 scorpions
  17 killer bees
  3 howler monkeys
  2 electric eels
  5 crimson imps
  Crazy Yiuf (D:4)
  11 hounds
  2 quasits
  2 centaur skeletons
  A jelly (D:5)
  3 orc priests
  6 orc wizards
  9 iguanas
  10 worker ants
  A killer bee zombie (D:6)
  20 sheep
  A hound zombie (D:5)
  A hound skeleton (D:7)
  A howler monkey zombie (D:5)
  5 adders
  43 river rats
  2 shadow imps
  5 dart slugs
  6 giant geckos
  24 orcs
  5 giant cockroaches
  8 goblins
  9 hobgoblins
  7 jackals
  15 kobolds
  3 quokkas
  8 bats
  4 giant newts
  2 quokka skeletons
  A quokka zombie (D:8)
  9 rats
  2 fungi
  2 plants
539 creatures vanquished.

Vanquished Creatures (others)
  A komodo dragon (Lair:7)
  4 humans (Lair:7)
  A slave (D:9)
  An eye of draining (D:10)
  A jelly (D:10)
  An orc (D:9)
  23 fungi
  18 plants
50 creatures vanquished.

Grand Total: 589 creatures vanquished

Notes
Turn   | Place    | Note
--------------------------------------------------------------
     0 | D:1      | theElss the High Elf Conjurer began the quest for the Orb.
     0 | D:1      | Reached XP level 1. HP: 11/11 MP: 4/4
   125 | D:1      | Reached skill level 1 in Shields
   305 | D:1      | Reached XP level 2. HP: 17/17 MP: 4/6
   328 | D:1      | Learned a level 2 spell: Searing Ray
   989 | D:1      | Reached XP level 3. HP: 21/21 MP: 3/7
  1043 | D:1      | Found a sparkling altar of Nemelex Xobeh.
  1937 | D:2      | Reached XP level 4. HP: 26/27 MP: 0/8
  2096 | D:2      | Learned a level 4 spell: Iskenderun's Mystic Blast
  2470 | D:3      | Noticed kraktruk's ghost (amateur DrMo)
  2656 | D:3      | Reached XP level 5. HP: 16/31 MP: 1/9
  3110 | D:3      | Found an iron altar of Okawaru.
  3256 | D:4      | Found a staircase to the Ecumenical Temple.
  3272 | Temple   | Entered the Ecumenical Temple
  3307 | Temple   | Became a worshipper of Vehumet
  3554 | D:4      | Reached skill level 5 in Conjurations
  3713 | D:4      | Reached XP level 6. HP: 15/37 MP: 9/11
  4063 | D:4      | Noticed Grinder
  4086 | D:4      | Noticed Crazy Yiuf
  4099 | D:4      | Killed Crazy Yiuf
  4669 | D:4      | Reached skill level 1 in Fighting
  4669 | D:4      | Reached XP level 7. HP: 43/43 MP: 4/13
  4830 | D:4      | Found an opulent altar of Gozag.
  5098 | D:5      | Entered Level 5 of the Dungeon
  5695 | D:5      | Learned a level 5 spell: Iskenderun's Battlesphere
  5837 | D:5      | Reached * piety under Vehumet
  5837 | D:5      | Offered knowledge of Sting by Vehumet.
  5982 | D:5      | Found a shadowy altar of Dithmenos.
  6016 | D:5      | Reached skill level 5 in Spellcasting
  6195 | D:6      | Found an oddly glowing altar of Pakellas.
  6275 | D:6      | Reached XP level 8. HP: 40/48 MP: 4/17
  6461 | D:6      | Found a shadowy altar of Dithmenos.
  6461 | D:6      | Found a deep blue altar of Sif Muna.
  6691 | D:6      | Noticed Blork the orc
  6694 | D:6      | Killed Blork the orc
  7224 | D:6      | Noticed Menkaure
  7227 | D:6      | Killed Menkaure
  7852 | D:7      | Got a transparent robe
  7869 | D:7      | Identified the cursed +1 robe of Adwineiruq {*Corrode Str+6 SInv} (You found it on level 7 of the Dungeon)
  8120 | D:7      | Noticed a hill giant
  8442 | D:7      | Learned a level 2 spell: Repel Missiles
  8461 | D:7      | Killed a hill giant
  8461 | D:7      | Reached skill level 5 in Dodging
  8461 | D:7      | Reached XP level 9. HP: 54/54 MP: 5/22
  9365 | D:8      | Offered knowledge of Freeze by Vehumet.
  9367 | D:8      | Found Qireer's Jewellery Emporium.
  9531 | D:8      | Got a bone hand crossbow
  9532 | D:8      | Identified the +1 hand crossbow "Paecoz" {velocity, Dex+2} (You found it on level 8 of the Dungeon)
  9605 | D:8      | Reached ** piety under Vehumet
  9828 | D:9      | Got a polished scale mail
  9846 | D:8      | Identified the +1 scale mail "Mefo" {rN+} (You found it on level 9 of the Dungeon)
  9872 | D:9      | Found a radiant altar of Vehumet.
  9894 | D:9      | Noticed Maurice
  9945 | D:9      | Killed Maurice
 10112 | D:9      | Learned a level 3 spell: Ignite Poison
 10147 | D:9      | Reached skill level 10 in Conjurations
 10592 | D:9      | Reached XP level 10. HP: 60/60 MP: 18/24
 10601 | D:9      | Reached skill level 10 in Spellcasting
 10991 | D:9      | Noticed Pikel
 10997 | D:9      | Killed Pikel
 11336 | D:10     | Entered Level 10 of the Dungeon
 11336 | D:10     | Noticed a hill giant
 11336 | D:10     | Noticed a hill giant
 11393 | D:10     | Noticed a deep elf mage
 11399 | D:9      | Killed a deep elf mage
 11638 | D:10     | Noticed a gargoyle
 11810 | D:10     | Found a staircase to the Orcish Mines.
 11874 | D:10     | Killed a gargoyle
 12004 | D:10     | Offered knowledge of Stone Arrow by Vehumet.
 12625 | D:10     | Killed a hill giant
 12625 | D:10     | Reached *** piety under Vehumet
 12804 | D:10     | Killed a hill giant
 12804 | D:10     | Reached skill level 1 in Fire Magic
 12804 | D:10     | Reached XP level 11. HP: 67/67 MP: 7/27
 13111 | D:10     | Found a staircase to the Lair.
 13123 | D:10     | Learned a level 3 spell: Stone Arrow
 13127 | D:10     | Learned a level 3 spell: Mephitic Cloud
 13130 | D:10     | Learned a level 2 spell: Blink
 13196 | D:10     | Killed an unseen horror
 13196 | D:10     | Offered knowledge of Force Lance by Vehumet.
 13626 | D:11     | Noticed appiemonkey's ghost (novice DDFi)
 13752 | Lair:1   | Entered Level 1 of the Lair of Beasts
 14304 | Lair:1   | Reached **** piety under Vehumet
 14361 | Lair:1   | Got a thick robe
 14372 | Lair:1   | Identified the +2 robe "Maruk" {Int+7 Slay-5} (You found it on level 1 of the Lair of Beasts)
 14411 | Lair:1   | Noticed a six-headed hydra
 14415 | Lair:1   | Killed a six-headed hydra
 14769 | Lair:1   | Offered knowledge of Throw Icicle by Vehumet.
 15338 | Lair:2   | Noticed Scuka's ghost (journeyman MfTm)
 15343 | Lair:2   | Killed Scuka's ghost
 15384 | Lair:2   | Noticed an eight-headed hydra
 15391 | Lair:2   | Killed an eight-headed hydra
 15391 | Lair:2   | Reached XP level 12. HP: 72/72 MP: 3/30
 15715 | Lair:1   | Learned a level 6 spell: Bolt of Fire
 15743 | Lair:2   | Reached skill level 5 in Fire Magic
 16712 | Lair:3   | Noticed an eight-headed hydra
 16719 | Lair:3   | Killed an eight-headed hydra
 16989 | Lair:3   | Noticed a five-headed hydra
 17330 | Lair:3   | Reached ***** piety under Vehumet
 17338 | Lair:3   | Offered knowledge of Bolt of Magma by Vehumet.
 17376 | Lair:3   | Learned a level 5 spell: Bolt of Magma
 17469 | Lair:3   | Noticed a four-headed hydra
 17479 | Lair:3   | Killed a four-headed hydra
 17840 | Lair:3   | Killed a five-headed hydra
 17840 | Lair:3   | Reached skill level 10 in Fire Magic
 18159 | Lair:3   | Found a staircase to the Shoals.
 19340 | Lair:4   | Noticed a seven-headed hydra
 19345 | Lair:4   | Killed a seven-headed hydra
 19353 | Lair:4   | Reached XP level 13. HP: 78/78 MP: 12/31
 21462 | Lair:5   | Found a hole to the Spider Nest.
 22644 | Lair:6   | Offered knowledge of Spellforged Servitor by Vehumet.
 22935 | Lair:7   | Noticed Snorg
 24325 | Lair:7   | Reached XP level 14. HP: 83/83 MP: 14/33
 24506 | Lair:7   | Reached skill level 15 in Spellcasting
 24643 | Lair:7   | Killed Snorg
 24714 | Lair:7   | Noticed Kirke
 24962 | Lair:7   | Killed Kirke
 25973 | Lair:7   | Offered knowledge of Bolt of Cold by Vehumet.
 26711 | Lair:8   | Entered Level 8 of the Lair of Beasts
 27276 | Lair:7   | Reached skill level 15 in Conjurations
 28056 | Lair:8   | HP: 4/124 [griffon (6)]
 28058 | Lair:8   | Slain by a griffon

Skill      XL: |  1  2  3  4  5  6  7  8  9 10 11 12 13 14 |
---------------+-------------------------------------------+-----
Shields        | 1 2 3 4 |  4.3
Conjurations   | 5 6 7 9 10 11 12 14 15 | 15.2
Spellcasting   | 3 5 8 9 11 13 14 15 | 15.9
Dodging        | 3 4 5 6 8 9 |  9.1
Fighting       | 1 2 3 |  3.4
Fire Magic     | 1 4 11 12 | 12.4
Stealth        | |  2.1

Action                   |  1- 3 |  4- 6 |  7- 9 | 10-12 | 13-15 || total
-------------------------+-------+-------+-------+-------+-------++-------
Melee: Club              |     4 |     4 |       |       |       ||     8
       Mace              |       |    20 |       |       |       ||    20
       Rapier            |       |    20 |       |       |       ||    20
       Flail             |       |       |    37 |    47 |    23 ||   107
 Cast: Magic Dart        |    85 |    81 |   116 |   258 |   206 ||   746
       Searing Ray       |     3 |     6 |    30 |    28 |     3 ||    70
       Iskenderun's Myst |       |     3 |    39 |   168 |   222 ||   432
       Repel Missiles    |       |       |     1 |     1 |     1 ||     3
       Iskenderun's Batt |       |       |       |    56 |    92 ||   148
       Mephitic Cloud    |       |       |       |     6 |     7 ||    13
       Bolt of Fire      |       |       |       |     1 |     7 ||     8
       Ignite Poison     |       |       |       |     1 |       ||     1
       Blink             |       |       |       |       |     2 ||     2
  Use: Scroll            |       |     1 |     1 |     6 |     7 ||    15
       Potion            |       |       |       |       |     3 ||     3
 Stab: Sleeping          |       |     1 |       |       |       ||     1
  Eat: Chunk             |     4 |     9 |    19 |    33 |    26 ||    91
       Fruit             |       |       |     3 |     2 |     2 ||     7
       Beef jerky        |       |       |       |     1 |       ||     1
Armor: Robe              |     2 |     6 |     1 |       |       ||     9
       Leather armour    |       |       |    34 |    43 |    67 ||   144
       Skin              |       |       |       |       |    16 ||    16
Dodge: Dodged            |    11 |    28 |    63 |   160 |   181 ||   443
       Deflected         |       |       |       |     2 |     1 ||     3
Block: Buckler           |     2 |    14 |    35 |    88 |   100 ||   239
       Reflection        |       |       |     1 |     1 |     1 ||     3
